 Dungeon Crawl Stone Soup version 0.19.1-1-g22dce08 (webtiles) character file.

108 Queen the Slasher (level 4, -2/33 HPs)
             Began as a Demonspawn Gladiator on Jan 8, 2017.
             Killed by nerve-wracking pain
             ... invoked by Menkaure
              (6 damage)
             ... on level 4 of the Dungeon.
             The game lasted 00:13:55 (1903 turns).

Queen the Slasher (Demonspawn Gladiator)            Turns: 1903, Time: 00:13:56

Health: -2/33      AC: 12    Str: 15    XL:     4   Next: 58%
Magic:  4/4        EV: 12    Int: 10    God:
Gold:   131        SH:  0    Dex: 19    Spells: 0 memorised, 3 levels left

rFire  . . .     SeeInvis .     a - +0 long sword
rCold  + . .     Gourm    .     m - +0 chain mail
rNeg   + . .     Faith    .     (no shield)
rPois  .         Spirit   .     c - +0 helmet
rElec  .         Reflect  .     t - +0 cloak (curse)
rCorr  .         Harm     .     (no gloves)
MR     .....                    (no boots)
Stlth  ..........               (no amulet)
                                (no ring)
                                j - ring of positive energy

@: agile
A: hooves 1, yellow scales 1, cold resistance 1
a: no special abilities


You were on level 4 of the Dungeon.
You were not hungry.

You visited 1 branch of the dungeon, and saw 4 of its levels.

You collected 131 gold pieces.

Inventory:

Hand Weapons
 a - a +0 long sword (weapon)
Missiles
 d - 3 throwing nets (quivered)
Armour
 c - a +0 helmet (worn)
 m - a +0 chain mail (worn)
 t - a cursed +0 cloak (worn)
Jewellery
 j - a ring of positive energy (left hand)
Scrolls
 h - 2 scrolls of remove curse
 k - 3 scrolls of magic mapping
Potions
 b - a potion of resistance
 l - a potion of flight {unknown}
 n - a potion of cancellation
 o - a potion of curing
 s - a potion of lignification {unknown}
Comestibles
 f - 5 bread rations
 i - 2 beef jerkies
 p - 2 meat rations
 q - a royal jelly
 r - 2 slices of pizza


   Skills:
 - Level 2.1 Fighting
 + Level 4.7 Long Blades
 - Level 1.8 Throwing
 - Level 2.9 Dodging


You had 3 spell levels left.
You didn't know any spells.

Dungeon Overview and Level Annotations

Branches:
Dungeon (4/15)
 Temple: D:4-7

Altars:

Annotations:
D:4 Menkaure


Innate Abilities, Weirdness & Mutations

You have large cloven feet.
You are partially covered in yellow scales. (AC +2)
Your flesh is cold resistant. (rC+)


Message History

Menkaure is heavily damaged.
Menkaure mumbles some strange words.
Menkaure seems to speed up.
You barely miss Menkaure. You kick Menkaure, but do no damage.
Menkaure is heavily damaged.
Menkaure breathes soot at you. Menkaure barely misses you.
You hit Menkaure. You kick Menkaure, but do no damage.
Menkaure is severely damaged.
Menkaure calls on the powers of darkness!
Your body is wracked with pain!
* * * LOW HITPOINT WARNING * * *
Menkaure points at you and mumbles some strange words.
Pain shoots through your body!
* * * LOW HITPOINT WARNING * * *
You hit Menkaure.
Menkaure is severely damaged.
Menkaure points at you and mumbles some strange words.
Pain shoots through your body!
You die...

#######
###.......
#..M......
#.@.......
#.........
##<.......
#........
##.......
.......
#......
##....
#...


You could see Menkaure.

Vanquished Creatures
  Crazy Yiuf (D:2)
  Ijyb (D:2)
  An adder (D:3)
  2 dart slugs
  A leopard gecko (D:1)
  6 bats
  3 giant cockroaches
  6 goblins
  5 hobgoblins
  A quokka (D:2)
  3 frilled lizards (D:2)
  6 kobolds
  3 rats
39 creatures vanquished.

Notes
Turn   | Place    | Note
-------+----------+-------------------------------------------
     0 | D:1      | Queen the Demonspawn Gladiator began the quest for the Orb.
     0 | D:1      | Reached XP level 1. HP: 16/16 MP: 1/1
   234 | D:1      | Gained mutation: You are partially covered in yellow scales. (AC +2) [demonic ancestry]
   234 | D:1      | Reached XP level 2. HP: 14/22 MP: 2/2
   259 | D:1      | Reached skill level 3 in Long Blades
   741 | D:2      | Noticed Ijyb
   768 | D:2      | Killed Ijyb
   768 | D:2      | Gained mutation: Your flesh is cold resistant. (rC+) [demonic ancestry]
   768 | D:2      | Reached XP level 3. HP: 24/27 MP: 3/3
   971 | D:2      | Reached skill level 4 in Long Blades
  1242 | D:2      | Found a runed door.
  1403 | D:2      | Noticed Crazy Yiuf
  1411 | D:2      | Killed Crazy Yiuf
  1411 | D:2      | Gained mutation: You have large cloven feet. [demonic ancestry]
  1411 | D:2      | Reached XP level 4. HP: 25/33 MP: 4/4
  1893 | D:4      | Noticed Menkaure
  1903 | D:4      | Killed from afar by Menkaure

Skill      XL: |  1  2  3 |
---------------+----------+-----
Long Blades    | 3 4 |  4.7
Fighting       | |  2.1
Throwing       | |  1.8
Dodging        | |  2.9

Action                   |  1- 3 |  4- 6 || total
-------------------------+-------+-------++-------
Melee: Long sword        |   121 |    16 ||   137
       Kick              |       |     4 ||     4
  Use: Scroll            |     3 |     9 ||    12
       Potion            |       |     1 ||     1
  Eat: Chunk             |     1 |     2 ||     3
Armor: Chain mail        |    90 |    10 ||   100
       Leather armour    |     3 |       ||     3
Dodge: Dodged            |    43 |     5 ||    48
       Rpst.: Long sword |    10 |     1 ||    11
